 Dungeon Crawl Stone Soup version 0.26-b1-57-gb162d0664a (webtiles) character file.

Game seed: 16879720346867891633

67 Gauvater the Bolt Thrower (level 4, 0/28 HPs)
             Began as a Kobold Hunter on Jan 9, 2021.
             Slain by a worm (9 damage)
             ... on level 2 of the Dungeon.
             The game lasted 00:06:26 (1999 turns).

Gauvater the Bolt Thrower (Kobold Hunter)           Turns: 1999, Time: 00:06:26

Health: 0/28       AC:  5    Str: 10    XL:     4   Next: 38%
Magic:  4/4        EV: 14    Int: 12    God:
Gold:   195        SH:  0    Dex: 15    Spells: 3/3 levels left

rFire    . . .     SeeInvis .   b - +0 short sword
rCold    . . .     Faith    .   (shield restricted)
rNeg     . . .     Spirit   .   c - +0 leather armour
rPois    .         Reflect  .   n - +0 helmet
rElec    .         Harm     .   k - +0 cloak
rCorr    .         Rampage  .   (no gloves)
Will     .....                  (no boots)
Stlth    +++.......             (no amulet)
HPRegen  0.09/turn              (no ring)
MPRegen  0.09/turn              (no ring)

@: no status effects
A: small, nightstalker 3
a: no special abilities


You were on level 2 of the Dungeon.
You visited 1 branch of the dungeon, and saw 3 of its levels.

You collected 195 gold pieces.

Inventory:

Hand Weapons
 a - a +1 hand crossbow
 b - a +0 short sword (weapon)
Missiles
 d - 4 bolts
 h - 62 arrows
 i - 156 stones (quivered)
Armour
 c - a +0 leather armour (worn)
 k - a +0 cloak (worn)
 n - a +0 helmet (worn)
Jewellery
 e - an uncursed amulet of the acrobat {unknown}
 f - an uncursed ring of positive energy {unknown}
 u - an uncursed ring of protection from fire {unknown}
Scrolls
 p - a scroll of blinking {unknown}
 q - 2 scrolls of remove curse {unknown}
 r - 3 scrolls of identify {unknown}
 s - a scroll of fog {unknown}
Potions
 g - 3 potions of curing {unknown}
 j - a potion of mutation {unknown}
 l - 3 potions of attraction {unknown}
 m - a potion of resistance {unknown}
 o - a potion of heal wounds {unknown}
 t - a potion of might {unknown}


   Skills:
 * Level 3.0 Fighting
 + Level 5.9 Crossbows
 + Level 0.2 Armour
 + Level 2.4 Dodging
 * Level 2.7 Stealth


You had 3 spell levels left.
You didn't know any spells.
Your spell library was empty.

Dungeon Overview and Level Annotations

Branches:
Dungeon (3/15)

Altars:
Elyvilon
Yredelemnul


Innate Abilities, Weirdness & Mutations

You are small and have problems with some larger weapons.
You are completely attuned to the shadows.


Message History

You hit the worm.
The worm is moderately wounded.
The leopard gecko bites you. The leopard gecko barely misses you.
You hit the worm.
The worm is heavily wounded.
The worm bites you. The leopard gecko barely misses you.
You miss the leopard gecko. The leopard gecko closely misses you.
The worm bites you.
You hit the leopard gecko.
The leopard gecko is severely wounded.
The leopard gecko completely misses you.
The leopard gecko misses you.
You miss the leopard gecko.
The leopard gecko is severely wounded.
The worm closely misses you. The leopard gecko bites you.
* * * LOW HITPOINT WARNING * * *
You barely miss the leopard gecko.
The leopard gecko is severely wounded.
The leopard gecko closely misses you. The worm bites you!
You die...

#.).## ######.......# #..# ##.##
#.......# #..# ##.# ####.####
#... ##.# #.# #.## ##.# #.# #.#
...# #.# #.# ##.# #.# #.# #.# #w#
##.## #.# #@# #...# #.# #l# #.#.#
#.# #.# ####.#.# #.# ##.##
##....#.. #.# #...#######..######
##.####### #...............#..
.........######...#######.###.#.#
##...............## #.# #.#..
.....<....######.# #.# #...#


You could see a worm and a leopard gecko.

Vanquished Creatures
  An adder (D:2)
  A worm (D:2)
  4 leopard geckos
  An orc (D:3)
  2 giant cockroaches (D:2)
  9 goblins
  8 hobgoblins
  3 kobolds
  A ball python skeleton (D:3)
  5 bats
  5 frilled lizards
  6 rats
46 creatures vanquished.

Notes
Turn   | Place    | Note
-------+----------+-------------------------------------------
     0 | D:1      | Gauvater the Kobold Hunter began the quest for the Orb.
     0 | D:1      | Reached XP level 1. HP: 12/12 MP: 1/1
    69 | D:1      | Reached skill level 5 in Crossbows
    83 | D:1      | Reached XP level 2. HP: 13/17 MP: 2/2
   517 | D:1      | Reached XP level 3. HP: 22/22 MP: 3/3
  1363 | D:2      | Reached XP level 4. HP: 27/27 MP: 4/4
  1493 | D:3      | Found a basalt altar of Yredelemnul.
  1695 | D:3      | Found a white marble altar of Elyvilon.
  1999 | D:2      | Slain by a worm

Illustrated notes

Levels and vault maps discovered:
D:1:      lemuel_arrival_river_bridge, layout_rooms
D:2:      layout_loops_ring, minmay_goblin_outpost
D:3:      layout_basic, yredelemnul_altar_generic, minivault_5, elyvilon_altar_5

Skill      XL: |  1  2  3  4 |
---------------+-------------+-----
Crossbows      | 5 |  5.9
Stealth        | 2 |  2.7
Fighting       | 3 |  3.0
Armour         | |  0.2
Dodging        | |  2.4

Action                   |  1- 3 |  4- 6 || total
-------------------------+-------+-------++-------
Melee: Short sword       |       |    38 ||    38
 Fire: Hand crossbow     |    72 |     9 ||    81
 Stab: Sleeping          |       |     2 ||     2
Armor: Leather armour    |     3 |     6 ||     9
Dodge: Dodged            |    14 |    38 ||    52
